 Seeded DCSS version 0.28-a0-620-g539b0f7ac7 (webtiles) character file.

Game seed: 20211007 (custom seed)

34 a11behringer the Cudgeller (level 3, 0/31 HPs)
             Began as a Palentonga Berserker on Oct 7, 2021.
             Was a Follower of Trog.
             Slain by an adder (1 damage)
             ... on level 2 of the Dungeon.
             The game lasted 00:04:53 (1426 turns).

a11behringer the Cudgeller (Palentonga Berserker)   Turns: 1426, Time: 00:04:53

Health: 0/31       AC:  4    Str: 20    XL:     3   Next: 14%
Magic:  3/3        EV:  9    Int:  7    God:    Trog [*.....]
Gold:   51         SH:  0    Dex: 10    Spells: 2/2 levels left

rFire   . . .      SeeInvis +   a - +0 mace
rCold   . . .      Faith    .   (no shield)
rNeg    + . .      Spirit   .   c - +0 leather armour {rN+}
rPois   .          Reflect  .   (no helmet)
rElec   .          Harm     .   (no cloak)
rCorr   .          Rampage  .   (no gloves)
Will    .....                   (no barding)
Stlth   +.........              (no amulet)
HPRegen 0.10/turn               (no ring)
MPRegen 0.08/turn               (no ring)

@: no status effects
A: large, rugged brown scales 3, see invisible, deformed body, roll 1, armoured
tail
a: Rolling Charge, Renounce Religion, Berserk


You were on level 2 of the Dungeon.
You worshipped Trog.
Trog was aware of your devotion.
You visited 1 branch of the dungeon, and saw 2 of its levels.

You collected 51 gold pieces.

Inventory:

Hand Weapons
 a - a +0 mace (weapon)
Missiles
 e - 20 bolts
Armour
 b - a +0 animal skin
 c - a +0 leather armour of positive energy (worn)
Scrolls
 d - a scroll of identify {unknown}
 h - a scroll of fog {unknown}
Potions
 f - a potion of curing {unknown}
 g - a potion of resistance {unknown}


   Skills:
 - Level 3.0 Fighting
 * Level 4.2 Maces & Flails
 - Level 1.5 Armour
 - Level 1.5 Dodging


You had 2 spell levels left.
You didn't know any spells.
Your spell library was empty.

Dungeon Overview and Level Annotations

Branches:
Dungeon (2/15)

Altars:


Innate Abilities, Weirdness & Mutations

You are completely covered in rugged brown scales. (AC +3, +7% HP)
You have supernaturally acute eyesight. (SInv)
Armour fits poorly on your strangely shaped body.
You can roll at nearby foes to attack.
You have a long armoured tail.


Message History

You are more poisoned.
The adder poisons you! The hobgoblin closely misses you.
You miss the adder.
Your tail-slap misses the adder.
You feel very sick. The adder barely misses you. The hobgoblin hits you.
The adder bites you but does no damage.
You barely miss the adder.
Your tail-slap misses the adder.
You feel sick. The hobgoblin hits you. The adder bites you but does no damage.
You barely miss the adder.
You feel sick. The adder bites you but does no damage. The hobgoblin hits you.
* * * LOW HITPOINT WARNING * * *
The adder barely misses you. The hobgoblin closely misses you.
You closely miss the adder. You tail-slap the adder.
The adder is lightly wounded.
You feel sick. The adder barely misses you. The hobgoblin hits you.
* * * LOW HITPOINT WARNING * * *
You miss the adder.
The adder is lightly wounded.
* * * LOW HITPOINT WARNING * * *
You feel sick. The adder barely misses you. The hobgoblin closely misses you.
The adder closely misses you.
You miss the adder.
Your tail-slap misses the adder.
The adder is lightly wounded.
* * * LOW HITPOINT WARNING * * *
You feel sick. The adder barely misses you. The hobgoblin closely misses you.
Unknown command.
You barely miss the adder.
The adder is lightly wounded.
* * * LOW HITPOINT WARNING * * *
You feel sick.
You are no longer poisoned.
The adder completely misses you.
The hobgoblin hits you but does no damage.
Unknown command.
Unknown command.
Unknown command.
You barely miss the adder.
The adder is lightly wounded.
The adder bites you.
You die...

######### ###........
#######.......(
##.....#.#.##.#####
......S@...........
##.###g#.#.......##
##.#...........
#......##.....#
#.##...##......
##.#.#.#.#..........
#......:............
###.......##.########
#..........#.##


You could see an adder and a hobgoblin.

Vanquished Creatures
  A worm (D:2)
  A ball python (D:1)
  4 endoplasms
  2 giant cockroaches (D:1)
  4 goblins
  2 hobgoblins
  6 jackals (D:1)
  A kobold (D:1)
  A frilled lizard (D:1)
  5 rats
27 creatures vanquished.

Notes
Turn   | Place    | Note
-------+----------+-------------------------------------------
     0 | D:1      | a11behringer the Palentonga Berserker began the quest for
                  | the Orb.
     0 | D:1      | Reached XP level 1. HP: 19/19 MP: 1/1
   247 | D:1      | Reached XP level 2. HP: 13/25 MP: 2/2
   850 | D:1      | Reached skill level 4 in Maces & Flails
  1302 | D:2      | Reached XP level 3. HP: 25/31 MP: 3/3
  1424 | D:2      | HP: 1/31 [poisoned by an adder]
  1426 | D:2      | Slain by an adder

Illustrated notes

Levels and vault maps discovered:
D:1:      scummos_arrival_simple_fountains, layout_basic,
          palyth_stone_intersect, kennysheep_decorative_pillar,
          minmay_crystal_water
D:2:      layout_basic, hellmonk_ecumenical_altar_lost_god, st_stairs_4

Skill      XL: |  1  2 |
---------------+-------+-----
Maces & Flails | 4 |  4.2
Fighting       | |  3.0
Armour         | |  1.5
Dodging        | |  1.5

Action                   || total
-------------------------++-------
Melee: Mace              ||    79
       Tailslap          ||     6
 Abil: Rolling Charge    ||     2
Armor: Animal skin       ||    14
       Leather armour    ||    17
Dodge: Dodged            ||    40

Table legend: (Time is in decaauts)
 A = Elapsed time spent in this place.
 B = Non-inter-level travel time spent in this place.
 C = Inter-level travel time spent in this place.
 D = Time resting spent in this place.
 E = Time spent auto-exploring this place.
 F = Levels seen in this place.
 G = Mean time per level.
                   A        B        C        D        E       F      G
               +--------+--------+--------+--------+--------+-----+--------+
         Total |   1443 |   1116 |    327 |      0 |    887 |   2 |  721.5 |
       Dungeon |   1443 |   1116 |    327 |      0 |    887 |   2 |  721.5 |
               +--------+--------+--------+--------+--------+-----+--------+

Top non-repeatable levels by time:
     D:1: 1292 daAuts
     D:2: 150 daAuts
